 Dungeon Crawl Stone Soup version 0.25.1-3-ge44b62a0b3 (webtiles) character file.

Game seed: 18382738099500571732

183 Mrkan the Skirmisher (level 5, -1/34 HPs)
             Began as a Gargoyle Fighter on Nov 22, 2020.
             Killed from afar by Natasha (7 damage)
             ... with a magic dart
             ... on level 3 of the Dungeon.
             The game lasted 00:03:50 (2785 turns).

Mrkan the Skirmisher (Gargoyle Fighter)             Turns: 2785, Time: 00:03:50

Health: -1/34      AC: 12    Str: 20    XL:     5   Next: 62%
Magic:  5/5        EV:  7    Int:  9    God:
Gold:   118        SH:  9    Dex:  9    Spells: 4/4 levels left

rFire    . . .     SeeInvis .   a - +0 flail
rCold    . . .     Gourm    .   c - +0 kite shield
rNeg     + . .     Faith    .   b - +0 scale mail
rPois    ∞         Spirit   .   g - +0 helmet
rElec    +         Reflect  .   (no cloak)
rCorr    .         Harm     .   (no gloves)
MR       .....                  (no boots)
Stlth    ..........             (no amulet)
HPRegen  0.11/turn              (no ring)
MPRegen  0.09/turn              (no ring)

@: mighty, slowed, very slow
A: negative energy resistance 1, electricity resistance, unbreathing,
petrification resistance, rot immunity, AC +4
a: no special abilities


You were on level 3 of the Dungeon.
You were near starving.

You visited 1 branch of the dungeon, and saw 3 of its levels.

You collected 118 gold pieces.

Inventory:

Hand Weapons
 a - a +0 flail (weapon)
Missiles
 m - a throwing net (quivered)
Armour
 b - a +0 scale mail (worn)
 c - a +0 kite shield (worn)
 g - a +0 helmet (worn)
 s - a +0 chain mail
 u - a +0 plate armour
Wands
 k - a wand of flame (6)
Scrolls
 e - 2 scrolls of enchant armour {unknown}
 i - a scroll of teleportation {unknown}
 j - 2 scrolls of remove curse {unknown}
 n - 3 scrolls of immolation {unknown}
 o - a scroll of fog {unknown}
 p - a scroll of random uselessness {unknown}
 q - 2 scrolls of amnesia {unknown}
Potions
 h - 2 potions of curing
 l - 2 potions of lignification {unknown}
 r - a potion of degeneration {unknown}
 t - a potion of heal wounds {unknown}
Comestibles
 f - 7 rations


   Skills:
 + Level 4.4 Fighting
 * Level 4.2 Maces & Flails
 - Level 3.2 Armour
 + Level 4.3 Shields


You had 4 spell levels left.
You didn't know any spells.
Your spell library was empty.

Dungeon Overview and Level Annotations

Branches:
Dungeon (3/15)

Altars:
Kikubaaqudgha

Annotations:
D:3 Natasha


Innate Abilities, Weirdness & Mutations

You are resistant to torment.
Your stone body is resilient. (AC +4)
You are immune to poison.
You resist negative energy. (rN+)
You are resistant to electric shocks. (rElec)
You can survive without breathing.
You are immune to petrification.
You are immune to rotting.


Message History

You feel yourself slow down. The frilled lizard barely misses you.
You barely miss the frilled lizard. You block the frilled lizard's attack.
Natasha growls.
You closely miss the frilled lizard.
The frilled lizard barely misses you. x2
You bludgeon the frilled lizard!!
You kill the frilled lizard!
You sock the worm!
The worm is heavily wounded.
The worm bites you.
* * * LOW HITPOINT WARNING * * *
You hit the worm.
The worm is heavily wounded.
The worm bites you but does no damage.
You bludgeon the worm!!
You kill the worm!
Natasha mewls in sadness.
Natasha casts a spell at you. The magic dart hits you!
You die...

...................###
............#..##....#####
######...##...###.##.....#
...##....##...........##.#
_.....⌠.....#)...........#
≈..≈≈.....###.........####
.≈≈≈≈≈....# #.......<.#
...†≈≈≈...# #.........#
...≈≈≈≈.#.# ####@######
...≈≈≈..#.# #h#
⌠.......#.# ####.#######
.......##..##.....#.....
....##.# #..............
###.# .# ##............? #
#.# .# #.....>....... .#
#............. # .#
#..........h..


You could see Natasha.

Vanquished Creatures
  Natasha (D:3)
  Terence (D:2)
  3 adders
  3 gnolls (D:3)
  A worm (D:3)
  4 leopard geckos (D:1)
  5 orcs (D:3)
  2 giant cockroaches
  6 goblins
  2 hobgoblins
  7 jackals (D:2)
  A quokka (D:3)
  A ball python (D:1)
  9 bats
  5 frilled lizards
  9 kobolds
  6 rats
66 creatures vanquished.

Notes
Turn   | Place    | Note
-------+----------+-------------------------------------------
     0 | D:1      | Mrkan the Gargoyle Fighter began the quest for the Orb.
     0 | D:1      | Reached XP level 1. HP: 14/14 MP: 1/1
   208 | D:1      | Reached XP level 2. HP: 17/19 MP: 2/2
   736 | D:1      | Reached XP level 3. HP: 23/23 MP: 3/3
  1766 | D:2      | Noticed Terence
  1770 | D:2      | Reached XP level 4. HP: 29/29 MP: 4/4
  1784 | D:2      | Killed Terence
  2259 | D:3      | Reached XP level 5. HP: 17/33 MP: 5/5
  2504 | D:3      | Found an ancient bone altar of Kikubaaqudgha.
  2751 | D:3      | Noticed Natasha
  2771 | D:3      | Killed Natasha
  2773 | D:3      | Noticed Natasha
  2785 | D:3      | Killed from afar by Natasha

Illustrated notes

Levels and vault maps discovered:
D:1:      nagdon_arrival_zigzag_paths, layout_basic, serial_bayou_ford_a,
          st_stairs_7
D:2:      layout_basic, uniq_terence
D:3:      layout_rooms, kiku_gazebo_pond_becter,
          chequers_ecumenical_altar_island, uniq_natasha

Skill      XL: |  1  2  3  4  5 |
---------------+----------------+-----
Maces & Flails | 3 4 |  4.2
Fighting       | 4 |  4.4
Shields        | 4 |  4.3
Armour         | |  3.2

Action                   |  1- 3 |  4- 6 || total
-------------------------+-------+-------++-------
Melee: Flail             |   184 |   131 ||   315
  Use: Potion            |       |     1 ||     1
  Eat: Chunk             |     3 |     2 ||     5
Armor: Scale mail        |   123 |   135 ||   258
Dodge: Dodged            |    78 |    49 ||   127
Block: Kite shield       |   128 |   105 ||   233
